 Dungeon Crawl Stone Soup version 0.27-a0-887-gcab673c142 (webtiles) character file.

Game seed: 18005377450436907144

5185 rednaxela the Martial Artist (level 10, 0/67 HPs)
             Began as a Vampire Necromancer on Apr 3, 2021.
             Was a Believer of Kikubaaqudgha.
             Slain by a vampire (7 damage)
             ... on level 9 of the Dungeon.
             The game lasted 00:41:06 (12174 turns).

rednaxela the Martial Artist (Vampire Necromancer) Turns: 12174, Time: 00:41:07

Health: 0/67       AC: 10    Str: 10    XL:     10   Next: 34%
Magic:  13/13      EV: 10    Int: 19    God:    Kikubaaqudgha [**....]
Gold:   528        SH: 10    Dex: 14    Spells: 12/13 levels left

rFire    . . .     SeeInvis +     - Unarmed
rCold    . . .     Faith    .   t - +0 kite shield
rNeg     . . .     Spirit   .   b - +0 acid dragon scales
rPois    .         Reflect  .   p - +0 helmet
rElec    .         Harm     .   q - +0 cloak
rCorr    +         Rampage  .   c - +0 pair of gloves
Will     +....                  l - +0 pair of boots
Stlth    ++........             j - amulet of regeneration
HPRegen  1.41/turn              r - ring of resist corrosion
MPRegen  0.13/turn              (no ring)

@: regenerating quickly
A: alive, fangs 3, see invisible, unbreathing 1, vampiric 2
a: Exsanguinate, Renounce Religion, Receive Corpses


You were on level 9 of the Dungeon.
You worshipped Kikubaaqudgha.
Kikubaaqudgha was pleased with you.
You visited 2 branches of the dungeon, and saw 10 of its levels.

You collected 586 gold pieces.
You spent 58 gold pieces at shops.

Inventory:

Missiles
 a - 4 atropa-tipped darts
 d - a throwing net {!f}
Armour
 b - +0 acid dragon scales (worn)
   (You found it on level 8 of the Dungeon)
 c - a +0 pair of gloves (worn)
   (You found it on level 1 of the Dungeon)
 l - a +0 pair of boots (worn)
   (You found it on level 3 of the Dungeon)
 p - a +0 helmet (worn)
   (You bought it in a shop on level 2 of the Dungeon)
 q - a +0 cloak (worn)
   (You found it on level 9 of the Dungeon)
 t - a +0 kite shield (worn)
   (You found it on level 5 of the Dungeon)
Jewellery
 j - an amulet of regeneration (around neck)
   (You found it on level 3 of the Dungeon)
 r - a ring of resist corrosion (left hand)
   (You took it off a gnoll on level 3 of the Dungeon)
Wands
 x - a wand of digging (7) {@v3}
   (You found it on level 6 of the Dungeon)
 y - a wand of mindburst (3)
   (You found it on level 8 of the Dungeon)
 B - a wand of polymorph (9)
   (You found it on level 8 of the Dungeon)
Scrolls
 f - a scroll of fear {!r}
 g - 2 scrolls of amnesia
 i - 3 scrolls of fog {!r}
 m - 2 scrolls of immolation
 s - a scroll of acquirement {unknown}
 u - 2 scrolls of teleportation {@r3 !r}
 w - 3 scrolls of noise
 A - a scroll of blinking {unknown}
 C - a scroll of enchant armour {unknown}
Potions
 e - a potion of mutation
 h - a potion of curing {@q1 !q}
 k - a potion of ambrosia {unknown}
 o - a potion of lignification {@q5}
 v - a potion of cancellation {unknown}
 z - a potion of resistance {unknown}


   Skills:
 - Level 1.7 Fighting
 - Level 2.1 Dodging
 - Level 3.0 Stealth
 + Level 7.3 Shields
 + Level 13.5 Unarmed Combat
 - Level 2.0 Spellcasting
 - Level 4.3 Necromancy


You had 12 spell levels left.
You knew the following spells:

 Your Spells              Type           Power      Damage    Failure   Level
a - Pain                  Necr           72%        1d7       12%         1

Your spell library contained the following spells:

 Spells                   Type           Power      Damage    Failure   Level
 Animate Skeleton         Necr           36%        N/A       12%         1
 Vampiric Draining        Necr           9%         2d7       36%         3
 Corpse Rot               Necr/Air       N/A        N/A       41%         2
 Corona                   Hex            1%         N/A       58%         1
 Foxfire                  Conj/Fire      4%         2x1d4     58%         1
 Sting                    Tmut/Pois      4%         1d3       58%         1
 Ensorcelled Hibernation  Hex/Ice        2%         N/A       73%         2
 Animate Dead             Necr           9%         N/A       77%         4
 Confusing Touch          Hex            1%         N/A       91%         3
 Dazzling Flash           Conj/Hex       2%         N/A       91%         3
 Tukima's Dance           Hex            1%         N/A       91%         3
 Agony                    Necr           18%        N/A       98%         5


Dungeon Overview and Level Annotations

Branches:
Dungeon (9/15)             Temple (1/1) D:4
   Lair: D:8-11         Orc: D:9-12

Altars:
Ashenzari
Cheibriados
Dithmenos
Fedhas
Gozag
Hepliaklqana
Kikubaaqudgha
Makhleb
Nemelex Xobeh
Okawaru
Qazlal
Ru
Sif Muna
Trog
Uskayaw
Vehumet
Wu Jian
Xom
Yredelemnul
Zin
The Shining One

Shops:
D:2 [*[(   D:4 [


Innate Abilities, Weirdness & Mutations

Your natural rate of healing is unusually fast.
You have razor-sharp teeth.
You have supernaturally acute eyesight. (SInv)
You can survive without breathing.
You are afflicted with vampirism and can become a bat while bloodless.


Message History

The orc warrior barely misses your orc.
The orc warrior hits your orc wizard with a +0 war axe.
The vampire hits you but does no damage.
You block the vampire's attack.
You barely miss the vampire. You bite the vampire, but do no damage.
You block the orc warrior's attack.
The orc warrior hits your orc with a +0 war axe.
The orc warrior hits your orc wizard with a +0 war axe!
Your centaur hits the vampire but does no damage.
Your centaur completely misses the vampire.
The vampire hits you.
* * * LOW HITPOINT WARNING * * *
The vampire completely misses you.
Your howler monkey zombie barely misses the vampire.
Your orc wizard casts a spell at the orc warrior.
The orc warrior resists with some effort.
You swap places.
Your centaur hits the vampire but does no damage.
Your centaur kicks the vampire but does no damage.
The orc warrior hits your orc with a +0 war axe!
Your orc dies!
Your orc's corpse dissolves into shadows!
The orc warrior hits your orc with a +0 war axe!
Your orc dies!
Your orc's corpse dissolves into shadows!
The orc warrior closely misses your orc wizard.
The vampire hits you!
* * * LOW HITPOINT WARNING * * *
The vampire closely misses you.
Your howler monkey zombie hits the vampire but does no damage.
Your orc wizard hits the orc warrior but does no damage.
Your centaur hits the vampire but does no damage.
Your centaur closely misses the vampire.
You punch the vampire!
The vampire is moderately damaged.
The orc warrior hits your orc priest with a +0 war axe!!
Your orc priest dies!
Your orc priest's corpse dissolves into shadows!
The orc warrior hits your orc wizard with a +0 war axe!
Your orc wizard dies!
Your orc wizard's corpse dissolves into shadows!
Your centaur hits the vampire but does no damage.
Your centaur closely misses the vampire.
The vampire hits you!
* * * LOW HITPOINT WARNING * * *
You block the vampire's attack.
You closely miss the vampire.
The vampire is moderately damaged.
Your howler monkey zombie hits the vampire but does no damage.
Your centaur hits the vampire.
Your centaur kicks the vampire but does no damage.
The vampire hits your howler monkey zombie.
The vampire barely misses your howler monkey zombie.
You punch the vampire!
The vampire is severely damaged.
Your centaur hits the vampire but does no damage.
Your centaur misses the vampire. The orc warrior closely misses you.
The orc warrior hits your orc priest with a +0 war axe!
Your howler monkey zombie hits the vampire but does no damage.
Your orc priest closely misses the orc warrior.
The vampire hits you but does no damage.
You block the vampire's attack.
You hit the vampire. Your bite misses the vampire.
The vampire is severely damaged.
Your centaur barely misses the vampire.
Your centaur kicks the vampire but does no damage.
The orc warrior hits you with a +0 war axe.
* * * LOW HITPOINT WARNING * * *
The orc warrior misses your orc priest.
Your howler monkey zombie hits the vampire but does no damage.
Your centaur hits the vampire but does no damage.
Your centaur barely misses the vampire.
Your orc priest misses the orc warrior.
The vampire draws life force from you!!
* * * LOW HITPOINT WARNING * * *
The vampire is healed by the life force!
Okay, then.
Really read
f - 2 scrolls of fear {!r}?
As you read the scroll of fear {!r}, it crumbles to dust.
You assume a fearsome visage.
The orc warrior looks frightened!
The vampire is unaffected.
Your howler monkey zombie is unaffected.
Your centaur closely misses the vampire.
Your centaur kicks the vampire but does no damage.
The orc warrior hits your orc priest with a +0 war axe!!
Your orc priest dies!
Your orc priest's corpse dissolves into shadows!
The orc warrior hits you with a +0 war axe.
* * * LOW HITPOINT WARNING * * *
Your howler monkey zombie barely misses the vampire.
You block the vampire's attack. x2
It was a potion of curing.
You feel better.
Your centaur hits the vampire.
Your centaur kicks the vampire but does no damage.
Your howler monkey zombie hits the vampire but does no damage.
Your centaur barely misses the vampire.
Your centaur kicks the vampire but does no damage.
The vampire hits you!
* * * LOW HITPOINT WARNING * * *
The vampire bites you!
You die...
Kikubaaqudgha rasps: "You have failed me!
Welcome... death!"

............................#
............................#
.............###............#
.########...##.##...........#
## ##..#...#...........#
####.#.##..........#
##.$$$o##.######..
#..#.#..#.# +...ZV@.#.#
#####c####)# #.....#....#
##.....##...#
#..#.#..#...###+##
########...#...#..........
+......'..#.#..#..........
####(####.....##..........
##....##...##.........#


You could see a vampire (ally target), an orc warrior (fleeing), a friendly
centaur (summoned) and a friendly howler monkey zombie (summoned).

Vanquished Creatures
  2 two-headed ogres
  A kobold demonologist (D:9)
  Grinder (D:5)
  Prince Ribbit (D:8)
  2 wyverns
  A wraith (D:9)
  A shadow (D:8)
  A steam dragon (D:9)
  A water moccasin (D:8)
  An acid dragon (D:8)
  4 orc warriors
  A black bear (D:3)
  A sky beast (D:5)
  A necrophage (D:8)
  A hornet zombie (D:7)
  2 ogres
  2 centaurs (D:9)
  A bullfrog (D:9)
  A gnoll sergeant (D:5)
  A water moccasin zombie (D:4)
  5 wights (D:7)
  A howler monkey (D:4)
  A centaur zombie (D:9)
  3 hounds
  2 orc priests
  A jelly (D:5)
  A centaur skeleton (D:6)
  3 gnoll shamans
  2 iguanas
  4 orc wizards
  A howler monkey zombie (D:5)
  15 gnolls
  9 adders
  A white imp (D:5)
  2 adder skeletons
  A worm (D:2)
  A dart slug (D:1)
  20 orcs
  7 bats
  6 endoplasms
  A giant cockroach (D:1)
  6 goblins
  5 hobgoblins
  5 jackals
  4 quokkas
  6 ball pythons
  16 frilled lizards
  3 kobolds
  2 rats (D:1)
161 creatures vanquished.

Vanquished Creatures (others)
  2 jackals (D:3)
2 creatures vanquished.

Grand Total: 163 creatures vanquished

Notes
Turn   | Place    | Note
-------+----------+-------------------------------------------
     0 | D:1      | rednaxela the Vampire Necromancer began the quest for the
                  | Orb.
     0 | D:1      | Reached XP level 1. HP: 13/13 MP: 3/3
   293 | D:1      | Reached skill level 1 in Fighting
   403 | D:2      | Found a faded altar of an unknown god.
   529 | D:1      | Reached XP level 2. HP: 20/21 MP: 3/5
   779 | D:1      | Reached skill level 1 in Unarmed Combat
  1169 | D:1      | Gained mutation: You are afflicted with vampirism and can
                  | become a bat while bloodless. [Vampire growth]
  1169 | D:1      | Reached XP level 3. HP: 25/27 MP: 3/6
  1223 | D:1      | Reached skill level 2 in Unarmed Combat
  1706 | D:2      | Found Giug's Armour Shop.
  1821 | D:2      | Found Icleidoe's Antique Armour Emporium.
  1906 | D:2      | Found Wyufoplo's General Store.
  1934 | D:2      | Reached skill level 3 in Unarmed Combat
  2061 | D:2      | Found Vinwell's Antique Weapon Shop.
  2216 | D:2      | Reached XP level 4. HP: 28/33 MP: 0/7
  3184 | D:3      | Found a stormy altar of Qazlal.
  3263 | D:3      | Reached skill level 4 in Unarmed Combat
  3285 | D:3      | Found a faded altar of an unknown god.
  3285 | D:3      | Found a hazy altar of Hepliaklqana.
  3287 | D:3      | Found a faded altar of an unknown god.
  3521 | D:4      | Reached XP level 5. HP: 30/38 MP: 2/8
  3602 | D:2      | Bought a +0 helmet for 58 gold pieces
  3698 | D:4      | Noticed an ogre
  3789 | D:3      | Killed an ogre
  3790 | D:3      | Reached skill level 5 in Unarmed Combat
  3850 | D:4      | Noticed a black bear
  3904 | D:3      | Killed a black bear
  3905 | D:3      | Reached skill level 6 in Unarmed Combat
  3905 | D:3      | Reached XP level 6. HP: 35/44 MP: 0/9
  4150 | D:4      | Found Foyt's Antique Armour Shop.
  4527 | D:4      | Reached skill level 7 in Unarmed Combat
  4743 | D:4      | Found a staircase to the Ecumenical Temple.
  4867 | D:4      | Reached XP level 7. HP: 48/49 MP: 7/10
  5243 | D:5      | Entered Level 5 of the Dungeon
  5287 | D:5      | Noticed Grinder
  5340 | Temple   | Entered the Ecumenical Temple
  5449 | Temple   | Became a worshipper of Kikubaaqudgha
  5534 | D:4      | Reached skill level 8 in Unarmed Combat
  5704 | D:5      | Paralysed by Grinder for 5 turns
  5715 | D:5      | Paralysed by Grinder for 5 turns
  5730 | D:5      | Killed Grinder
  5731 | D:5      | Reached skill level 9 in Unarmed Combat
  6431 | D:5      | Reached skill level 10 in Unarmed Combat
  6431 | D:5      | Reached XP level 8. HP: 39/55 MP: 11/11
  6570 | D:5      | Reached * piety under Kikubaaqudgha
  6570 | D:5      | Identified Kikubaaqudgha's Catalogue of Black Rites
                  | (Kikubaaqudgha gifted it to you on level 5 of the Dungeon)
  6570 | D:5      | Received a gift from Kikubaaqudgha
  7423 | D:6      | Found a shimmering altar of Xom.
  7423 | D:6      | Found an opulent altar of Gozag.
  7815 | D:7      | Found a bloodstained altar of Trog.
  7859 | D:7      | Reached skill level 1 in Shields
  7859 | D:7      | Reached skill level 11 in Unarmed Combat
  7937 | D:7      | Found a shimmering blue altar of Sif Muna.
  7949 | D:7      | Identified Sif Muna's Guide on Torrid Envenoming
  8036 | D:7      | Found a snail-covered altar of Cheibriados.
  8624 | D:7      | Reached skill level 2 in Shields
  9332 | D:8      | Found a basalt altar of Yredelemnul.
  9398 | D:8      | Noticed Prince Ribbit
  9407 | D:8      | Killed Prince Ribbit
  9408 | D:8      | Reached skill level 3 in Shields
  9408 | D:8      | Reached XP level 9. HP: 36/59 MP: 12/12
 10497 | D:9      | Reached skill level 4 in Shields
 10511 | D:9      | Reached skill level 12 in Unarmed Combat
 10530 | D:9      | Found a radiant altar of Vehumet.
 10590 | D:9      | Noticed a two-headed ogre
 10620 | D:9      | Noticed a kobold demonologist
 10629 | D:9      | Noticed an orange demon
 10639 | D:9      | Killed a kobold demonologist
 10733 | D:9      | Noticed a two-headed ogre
 10733 | D:9      | Noticed a kobold demonologist
 10745 | D:9      | Noticed a sun demon
 11160 | D:8      | Killed a two-headed ogre
 11161 | D:8      | Reached skill level 5 in Shields
 11247 | D:9      | Reached skill level 6 in Shields
 11620 | D:9      | Reached skill level 13 in Unarmed Combat
 11620 | D:9      | Reached XP level 10. HP: 67/67 MP: 13/13
 11874 | D:9      | Reached ** piety under Kikubaaqudgha
 12097 | D:9      | Killed a two-headed ogre
 12098 | D:9      | Reached skill level 7 in Shields
 12174 | D:9      | Slain by a vampire

Illustrated notes

Levels and vault maps discovered:
D:1:      amcnicky_arrival_feature_with_door, layout_loops_corners,
          minmay_lizard_pond
D:2:      layout_basic, serial_shops, shop, shop, nicolae_shop_behind_doors,
          nicolae_shop_temple_entry_statues_fountains, basic_ecumenical_altar
D:3:      layout_loops_ring, nicolae_qazlal_eye_of_the_storm,
          nicolae_overflow_hidden_temple,
          nicolae_hepliaklqana_ecumenical_no_more, lemuel_flame_loot_1
D:4:      layout_layer_cave, minmay_temple_entry_glassed_door, serial_shops,
          shop
D:5:      layout_cave_pools, st_stairs_10, uniq_grinder
D:6:      layout_basic, gammafunk_temple_overflow_statue
D:7:      layout_basic, nzn_overflow_gifts_of_might_and_magic,
          amcnicky_altar_gilded
D:8:      layout_layer_cave, lemuel_crystal_altar, uniq_prince_ribbit1
D:9:      minmay_polygon_palace, layout_irregular_city, old_standard_altar
Temple:   jpeg_temple_clearing

Skill      XL: |  1  2  3  4  5  6  7  8  9 10 |
---------------+-------------------------------+-----
Fighting       | 1 |  1.7
Unarmed Combat | 1 3 4 6 7 10 11 13 | 13.5
Shields        | 3 6 7 |  7.3
Dodging        | |  2.1
Stealth        | |  3.0
Spellcasting   | |  2.0
Necromancy     | |  4.3

Action                   |  1- 3 |  4- 6 |  7- 9 | 10-12 || total
-------------------------+-------+-------+-------+-------++-------
Melee: Unarmed           |     7 |    59 |   420 |   100 ||   586
       Bite              |       |     4 |    36 |    15 ||    55
       Punch             |       |     2 |     4 |       ||     6
Throw: Throwing net      |       |       |     3 |       ||     3
 Cast: Pain              |    83 |    90 |    22 |       ||   195
Evoke: Wand              |       |       |    13 |     3 ||    16
  Use: Scroll            |       |       |    10 |     3 ||    13
       Potion            |       |       |     2 |     1 ||     3
 Stab: Sleeping          |       |     1 |     1 |       ||     2
Armor: Leather armour    |     5 |    30 |    86 |       ||   121
       Scale mail        |       |       |     6 |    11 ||    17
       Acid dragon scale |       |       |       |    29 ||    29
Dodge: Dodged            |    15 |    55 |   182 |    31 ||   283
Block: Kite shield       |       |       |   100 |    45 ||   145

Table legend: (Time is in decaauts)
 A = Elapsed time spent in this place.
 B = Non-inter-level travel time spent in this place.
 C = Inter-level travel time spent in this place.
 D = Time resting spent in this place.
 E = Time spent auto-exploring this place.
 F = Levels seen in this place.
 G = Mean time per level.
                   A        B        C        D        E       F      G
               +--------+--------+--------+--------+--------+-----+--------+
         Total |  12176 |  11216 |    960 |    594 |   7497 |  10 | 1217.6 |
       Dungeon |  12051 |  11131 |    920 |    594 |   7415 |   9 | 1339.0 |
        Temple |    124 |     84 |     40 |      0 |     82 |   1 |  124.0 |
               +--------+--------+--------+--------+--------+-----+--------+

Top non-repeatable levels by time:
     D:8: 1940 daAuts
     D:4: 1561 daAuts
     D:3: 1536 daAuts
     D:1: 1473 daAuts
     D:7: 1387 daAuts
     D:5: 1209 daAuts
     D:2: 1039 daAuts
     D:6: 1021 daAuts
     D:9: 882 daAuts
  Temple: 124 daAuts
